 Dungeon Crawl Stone Soup version 0.30-a0-585-g93115170b9 (webtiles) character file.

Game seed: 5311595078636447817

100 mdonais the Sneak (level 4, -2/31 HPs)
             Began as an Octopode Wanderer on Jan 1, 2023.
             Was an Initiate of Gozag.
             Slain by an orc
             ... wielding a +0 dagger
              (3 damage)
             ... on level 2 of the Dungeon on Jan 3, 2023.
             The game lasted 00:12:14 (3003 turns).

mdonais the Sneak (Octopode Wanderer)               Turns: 3003, Time: 00:12:15

Health: -2/31      AC:  1    Str: 12    XL:     4   Next: 74%
Magic:  1/7        EV: 12    Int: 16    God:    Gozag
Gold:   356        SH:  0    Dex: 10    Spells: 3/7 levels left

rFire   . . .      SeeInvis .    b - staff of earth
rCold   . . .      Faith    .    (no shield)
rNeg    . . .      Spirit   .    (helmet restricted)
rPois   .          Reflect  .    (no amulet)
rElec   .          Harm     .    (no ring)
rCorr   .          Rampage  .    (no ring)
Will    .....                    (no ring)
Stlth   +++                      (no ring)
HPRegen 0.25/turn                (no ring)
MPRegen 0.10/turn                (no ring)
                                 (no ring)
                                 (no ring)

@: about to teleport, gold aura
A: almost no armour, amphibious, 8 rings, camouflage 1, gelatinous body 1,
(nimble swimmer 1), tentacles
a: Renounce Religion, Potion Petition, Call Merchant, Bribe Branch


You were on level 2 of the Dungeon.
You worshipped Gozag.
Gozag was aware of your devotion.
You visited 1 branch of the dungeon, and saw 3 of its levels.

You collected 356 gold pieces.

Inventory:

Hand Weapons
 a - a +2 dagger of pain
   (You took it off a goblin on level 1 of the Dungeon)
 d - a +0 dagger
   (You found it on level 1 of the Dungeon)
 g - a +0 sling
   (You found it on level 1 of the Dungeon)
Missiles
 e - 6 poisoned darts
 J - 6 atropa-tipped darts
Magical Staves
 b - a staff of earth (weapon)
   (You found it on level 3 of the Dungeon)
 l - a staff of fire
   (You found it on level 3 of the Dungeon)
Wands
 I - a wand of iceblast (3)
Scrolls
 f - 2 scrolls of amnesia
 k - 2 scrolls of noise
 m - 3 scrolls of magic mapping {unknown}
 T - 2 scrolls of teleportation
Potions
 c - a potion of berserk rage {unknown}
 h - a potion of mutation
 i - a potion of cancellation
 j - a potion of heal wounds
 n - a potion of resistance


   Skills:
 - Level 3.0 Fighting
 - Level 4.0 Stealth
 - Level 2.0 Spellcasting
 + Level 3.1 Earth Magic
 - Level 1.0 Invocations
 - Level 3.2 Evocations


You had 3 spell levels left.
You knew the following spells:

 Your Spells              Type           Power      Damage    Failure   Level
a - Sandblast             Erth           34%        2d9       5%          1
b - Call Canine Familiar  Summ           1%         N/A       52%         3

Your spell library contained the following spells:

 Spells                   Type           Power      Damage    Failure   Level
 Summon Small Mammal      Summ           4%         N/A       21%         1
 Stone Arrow              Conj/Erth      20%        3d8       32%         3
 Summon Guardian Golem    Hex/Summ       1%         N/A       52%         3


Dungeon Overview and Level Annotations

Branches:
Dungeon (3/15) Zot: 14955

Altars:
Elyvilon
Gozag
Hepliaklqana
Okawaru
Ru
Yredelemnul
Zin

Shops:
D:3 [

Annotations:
D:2 Robin, Terence


Innate Abilities, Weirdness & Mutations

You cannot wear most types of armour.
You are amphibious.
You can wear up to eight rings at the same time.
Your skin changes colour to match your surroundings (Stealth+).
Your rubbery body absorbs attacks. (AC +1, EV +1)
((You are camouflaged when in or above water. (Stealth+)))
You have tentacles for arms and can constrict up to eight enemies at once.


Message History

Aim: an endoplasm (asleep, 100% to hit)
You feel a surge of power!
The blast of sand hits the endoplasm.
You kill the endoplasm!
You now have 6/7 mp.
Casting: Sandblast (safe; 6% risk of failure)
Confirm with . or Enter, or press ? or * to list all spells.
You can't see any susceptible monsters within range! (Use Z to cast anyway.)
Casting: Sandblast (safe; 6% risk of failure)
Confirm with . or Enter, or press ? or * to list all spells.
You can't see any susceptible monsters within range! (Use Z to cast anyway.)
You now have 334 gold pieces (gained 8).
There is a hazy altar of Hepliaklqana here.
A hobgoblin comes into view.
The hobgoblin shouts!
The hobgoblin completely misses you.
MP restored: 7 A hobgoblin is nearby!
Casting: Sandblast (safe; 6% risk of failure)
Confirm with . or Enter, or press ? or * to list all spells.
Aiming: Sandblast (safe; 6% risk of failure)
Press: ? - help, Shift-Dir - straight line, f - hobgoblin
Aim: a hobgoblin (82% to hit)
You feel a surge of power!
The blast of sand hits the hobgoblin!
You kill the hobgoblin!
You now have 6/7 mp.
Casting: Sandblast (safe; 6% risk of failure)
Confirm with . or Enter, or press ? or * to list all spells.
You can't see any susceptible monsters within range! (Use Z to cast anyway.)
Casting: Sandblast (safe; 6% risk of failure)
Confirm with . or Enter, or press ? or * to list all spells.
You can't see any susceptible monsters within range! (Use Z to cast anyway.)
You now have 341 gold pieces (gained 7).
You see here 7 stones.
You open the door.
Key pressed, stopping explore.
There is an open door here.
You open the door.
Found a glowing silver altar of Zin.
MP restored: 7
There is an open door here.
Okay, then.
There is an open door here.
There is an open door here.
You now have 356 gold pieces (gained 15).
There is a stone staircase leading down here.
An orc and an orc priest come into view.
Okay, then. 2 orcs come into view.
An orc is wielding a +0 flail of holy wrath.
Found Icoug's Antique Armour Boutique.
The orc priest shouts!
You hear a shout! x2
An orc comes into view. It is wielding a +0 short sword.
There is a stone staircase leading down here.
The orc priest looks braver for a moment.
Casting: Sandblast (safe; 6% risk of failure)
Confirm with . or Enter, or press ? or * to list all spells.
Aiming: Sandblast (safe; 6% risk of failure)
Press: ? - help, Shift-Dir - straight line, f - orc priest
Aim: an orc priest, wielding a +0 club (82% to hit)
You feel a surge of power!
The blast of sand hits the orc priest!
The orc priest is heavily wounded.
A bat comes into view.
You now have 6/7 mp.
Casting: Sandblast (safe; 6% risk of failure)
Confirm with . or Enter, or press ? or * to list all spells.
Aiming: Sandblast (safe; 6% risk of failure)
Press: ? - help, Shift-Dir - straight line, f - orc
Aim: an orc, wielding a +0 club (82% to hit)
You feel a surge of power!
You miscast Sandblast.
You are very lightly contaminated with residual magic.
Nothing appears to happen.
You now have 5/7 mp.
An orc comes into view. It is wielding a +0 dagger.
The bat closely misses you.
There is a stone staircase leading up here.
Casting: Sandblast (safe; 6% risk of failure)
Confirm with . or Enter, or press ? or * to list all spells.
Aiming: Sandblast (safe; 6% risk of failure)
Press: ? - help, Shift-Dir - straight line, f/p - orc
Aim: an orc, wielding a +0 club (82% to hit)
You feel a surge of power!
The blast of sand hits the orc!
You kill the orc!
The orc shouts!
The bat hits you. x2
The orc is distracted by your dazzling golden aura.
The bat closely misses you.
You take 2 damage, and have 29/31 hp.
You now have 4/7 mp.
Casting: Sandblast (safe; 6% risk of failure)
Confirm with . or Enter, or press ? or * to list all spells.
Aiming: Sandblast (safe; 6% risk of failure)
Press: ? - help, Shift-Dir - straight line, f - bat
Aim: a bat (73% to hit)
You feel a surge of power!
The blast of sand hits the bat.
You kill the bat!
The orc priest calls down the wrath of Beogh upon you.
Beogh smites you!
You take 12 damage, and have 17/31 hp.
MASSIVE DAMAGE!!
You now have 3/7 mp.
Casting: Sandblast (safe; 6% risk of failure)
Confirm with . or Enter, or press ? or * to list all spells.
Aiming: Sandblast (safe; 6% risk of failure)
Press: ? - help, Shift-Dir - straight line, f - orc
Aim: an orc, wielding a +0 dagger and wearing a +0 ring mail (84% to hit)
You feel a surge of power!
The blast of sand misses the orc.
The orc priest calls down the wrath of Beogh upon you.
Beogh smites you!
* * * LOW HITPOINT WARNING * * *
The orc hits you with a +0 dagger.
* * * LOW HITPOINT WARNING * * *
The orc hits you with a +0 dagger.
* * * LOW HITPOINT WARNING * * *
You take 14 damage, and have 3/31 hp.
MASSIVE DAMAGE!!
You now have 2/7 mp.
Okay, then.
Okay, then.
It was a potion of heal wounds.
You feel much better.
The orc is no longer distracted by gold.
The orc hits you with a +0 dagger.
The orc is distracted by your dazzling golden aura.
Your magical contamination has completely faded away.
You regained 23 hp, and now have 26/31 hp.
The orc priest misses you. The orc misses you. x2
You climb upwards.
Level annotation: Robin, Terence
There is a stone staircase leading down here.
As you read the scroll of teleportation, it crumbles to dust.
You feel strangely unstable. The orc hits you with a +0 dagger.
The orc closely misses you. The orc priest hits you with a +0 club.
You take 6 damage, and have 21/31 hp.
Casting: Sandblast (safe; 6% risk of failure)
Confirm with . or Enter, or press ? or * to list all spells.
Aiming: Sandblast (safe; 6% risk of failure)
Press: ? - help, Shift-Dir - straight line, f - orc
Aim: an orc, wielding a +0 flail of holy wrath (82% to hit)
You feel a surge of power!
The blast of sand hits the orc!
You kill the orc!
The orc closely misses you. The orc priest hits you with a +0 club.
You now have 2/7 mp.
Casting: Sandblast (safe; 5% risk of failure)
Confirm with . or Enter, or press ? or * to list all spells.
Aiming: Sandblast (safe; 5% risk of failure)
Press: ? - help, Shift-Dir - straight line, f - orc priest
Aim: an orc priest, wielding a +0 club (heavily wounded, 82% to hit)
You feel a surge of power!
The blast of sand hits the orc priest.
The orc priest is almost dead.
The orc hits you with a +0 dagger.
The orc priest invokes the aid of Beogh against you.
Beogh smites you!
* * * LOW HITPOINT WARNING * * *
The orc hits you with a +0 dagger.
You die...
Your body crumbles into a pile of gold.

######### #...^...#
#.#####.# #.....#.#
#..#....# ######
#..#..###
....?###########o.#..#
@..:..........$@o.#..#
.....$######.##.###..#
###....# #.........#
.......# #######......#
##.....# #...#..).#.#.#
#.#.....#.#...#......#
##.#.#####.###........#
.#.#.....#.# #.#<###..#
.#.#..####.# #.#......#


You could see an orc priest and an orc.

Vanquished Creatures
  3 adders
  2 worms (D:2)
  3 dart slugs
  2 orcs
  4 ball pythons
  6 bats
  6 endoplasms
  2 giant cockroaches
  9 goblins
  7 hobgoblins
  3 kobolds
  4 quokkas
  2 frilled lizards
  3 rats
56 creatures vanquished.

Notes
Turn   | Place    | Note
-------+----------+-------------------------------------------
     0 | D:1      | mdonais the Octopode Wanderer began the quest for the Orb.
     0 | D:1      | mdonais set off with the following items: a +0 club, a wand
                  | of iceblast (3), 2 scrolls of teleportation; and the
                  | following spell memorised: Sandblast; and the following
                  | spells available to memorise: Stone Arrow.
     0 | D:1      | Reached XP level 1. HP: 16/16 MP: 2/2
   225 | D:1      | Reached skill level 1 in Stealth
   235 | D:1      | Reached skill level 2 in Stealth
   318 | D:1      | Reached XP level 2. HP: 20/21 MP: 0/3
   569 | D:1      | Reached skill level 3 in Stealth
  1029 | D:1      | Found a faded altar of an unknown god.
  1069 | D:1      | Prayed at the altar of an unknown god.
  1069 | D:1      | Became a worshipper of Gozag Ym Sagoz the Greedy
  1087 | D:1      | Reached XP level 3. HP: 26/26 MP: 0/4
  1374 | D:2      | Learned a level 3 spell: Call Canine Familiar
  1593 | D:2      | Noticed Robin
  1937 | D:2      | Reached XP level 4. HP: 31/31 MP: 1/6
  1995 | D:2      | Noticed Terence
  2056 | D:2      | Reached skill level 4 in Stealth
  2233 | D:2      | You fall into a shaft and drop 1 floor!
  2311 | D:3      | Found an iron altar of Okawaru.
  2411 | D:3      | Found a basalt altar of Yredelemnul.
  2466 | D:3      | Found a white marble altar of Elyvilon.
  2534 | D:3      | Found a sacrificial altar of Ru.
  2781 | D:3      | Found a hazy altar of Hepliaklqana.
  2872 | D:3      | Found a glowing silver altar of Zin.
  2980 | D:3      | Found Icoug's Antique Armour Boutique.
  3003 | D:2      | HP: 1/31 [orc priest/divine providence (15)]
  3003 | D:2      | Slain by an orc

Illustrated notes

Levels and vault maps discovered:
D:1:      nicolae_arrival_somewhat_less_tricky_arrival, layout_basic,
          dreamdust_ecumenical_altar_statues
D:2:      layout_basic, serial_curves, eino_curves_01, eino_curves_02,
          kennysheep_cluttered_room, grunt_decor_fettered, uniq_robin,
          uniq_terence
D:3:      layout_basic, marbit_many_paths, yredelemnul_altar_generic,
          elyvilon_altar_1, okawaru_ov_weapons_minmay,
          nicolae_ru_sacrificial_ziggurat, zin_treasury, serial_shops,
          nicolae_shop_statue_plus, amcnicky_mini_corridor_feature

Skill      XL: |  1  2  3  4 |
---------------+-------------+-----
Stealth        | 2 3 4 |  4.0
Spellcasting   | 2 |  2.0
Earth Magic    | 3 |  3.1
Fighting       | |  3.0
Invocations    | |  1.0
Evocations     | |  3.2

Action                   |  1- 3 |  4- 6 || total
-------------------------+-------+-------++-------
Melee: Dagger            |    35 |       ||    35
       Constrict         |     8 |       ||     8
       Tentacles         |     6 |       ||     6
       Club              |     1 |       ||     1
 Cast: Sandblast         |    50 |    33 ||    83
  Use: Scroll            |       |     6 ||     6
       Potion            |       |     1 ||     1
 Stab: Sleeping          |     1 |       ||     1
Armor: Skin              |     2 |     1 ||     3
Dodge: Dodged            |    23 |    13 ||    36

Table legend: (Time is in decaauts)
 A = Elapsed time spent in this place.
 B = Non-inter-level travel time spent in this place.
 C = Inter-level travel time spent in this place.
 D = Time resting spent in this place.
 E = Time spent auto-exploring this place.
 F = Levels seen in this place.
 G = Mean time per level.
                   A        B        C        D        E       F      G
               +--------+--------+--------+--------+--------+-----+--------+
         Total |   3042 |   2978 |     64 |    107 |   2310 |   3 | 1014.0 |
       Dungeon |   3042 |   2978 |     64 |    107 |   2310 |   3 | 1014.0 |
               +--------+--------+--------+--------+--------+-----+--------+

Top non-repeatable levels by time:
     D:1: 1425 daAuts
     D:2: 837 daAuts
     D:3: 779 daAuts
